 Dungeon Sprint DCSS version 0.30-a0-177-g1cb5dbfd7a (webtiles) character file.

Game seed: 4683209192589618418

16477 rocky1 the Severer (level 12, -8/122 HPs)
             Began as a Hill Orc Fighter on Oct 3, 2022.
             Was the Champion of Okawaru.
             Succumbed to an orc knight's poison
             ... in the Dungeon (Sprint VII: "The Pits").
             The game lasted 00:12:34 (2481 turns).

rocky1 the Severer (Hill Orc Fighter)               Turns: 2481, Time: 00:12:35

Health: -8/122     AC: 25    Str: 29    XL:     12   Next: 37%
Magic:  8/20       EV: 12    Int:  8    God:    Okawaru [******]
Gold:   32         SH: 17    Dex: 16    Spells: 11/11 levels left

rFire   . . .      SeeInvis .    o - +1 broad axe (vorpal)
rCold   . . .      Faith    .    t - +3 kite shield of Lorrisseirr {-Cast Rampage Str+5 Slay+4}
rNeg    . . .      Spirit   .    I - +3 plate armour {Will+}
rPois   .          Reflect  .    z - +0 helmet
rElec   .          Harm     .    r - +1 cloak
rCorr   .          Rampage  +    a - +0 pair of gloves
Will    +....      NoTele   +    (no boots)
Stlth   .......... NoCast   +    (no amulet)
HPRegen 0.40/turn                d - +3 ring of dexterity
MPRegen 0.17/turn                b - +3 ring of dexterity

@: lethally poisoned (-8 -> -61), studying Unarmed Combat
A: no striking features
a: Renounce Religion, Heroism, Finesse


You were in the Dungeon.
You worshipped Okawaru.
Okawaru was exalted by your worship.
You visited 1 branch You collected 32 gold pieces.

Inventory:

Hand Weapons
 c - a +1 war axe of venom
 o - a +1 vorpal broad axe (weapon)
 s - a +7 great sword of electrocution
 G - a +2 demon blade of freezing
Missiles
 m - 3 boomerangs
 q - a javelin (quivered)
Armour
 a - a +0 pair of gloves (worn)
 r - a +1 cloak (worn)
 t - the +3 kite shield of Lorrisseirr (worn) {-Cast Rampage Str+5 Slay+4}
   (Okawaru gifted it to you in the Dungeon)

   Str:       It affects your strength (+5).
   Slay:      It affects your accuracy & damage with ranged weapons and melee
   (+4).
   -Cast:     It prevents spellcasting.
   Rampage:   It bestows one free step when moving towards enemies.
 z - a +0 helmet (worn)
 I - a +3 plate armour of willpower (worn)
Jewellery
 b - a +3 ring of dexterity (right hand)
 d - a +3 ring of dexterity (left hand)
 u - a ring of positive energy
 v - a ring of positive energy
 x - a ring of protection from cold
 y - a ring of protection from cold
 H - the ring "Xucraon" {rF- rN+ Int-4 Dex+6 Stlth+}
   (You found it in the Dungeon)

   [ring of positive energy]

   Int:       It affects your intelligence (-4).
   Dex:       It affects your dexterity (+6).
   rF:        It makes you vulnerable to fire.
   rN:        It protects you from negative energy.
   Stlth:     It makes you more stealthy.
Scrolls
 j - 2 scrolls of blinking
 l - 5 scrolls of amnesia
 w - a scroll of magic mapping
 A - a scroll of immolation
 B - 6 scrolls of enchant weapon
 D - a scroll of fear
 E - 6 scrolls of enchant armour
 F - a scroll of identify
Potions
 e - 8 potions of curing
 f - 11 potions of heal wounds
 g - 3 potions of brilliance
 h - 4 potions of magic
 i - 5 potions of berserk rage
 k - 2 potions of invisibility
 n - 3 potions of mutation
 C - 2 potions of might


   Skills:
 + Level 16.1 Fighting
 + Level 18.8 Axes
 + Level 14.4 Armour
 + Level 10.8 Dodging
 + Level 16.3 Shields
 - Level 11.2 Invocations


You had 11 spell levels left.
You didn't know any spells.
Your spell library contained the following spells:

 Spells                   Type           Power      Damage    Failure   Level
 Sublimation of Blood     Necr           0%         N/A       100%        2
 Eringya's Noxious Bog    Tmut/Pois      0%         N/A       100%        6
 Death's Door             Necr           0%         N/A       100%        9


Dungeon Overview and Level Annotations

Branches:
Dungeon (1/1)

Altars:
Ashenzari
Cheibriados
Dithmenos
Elyvilon
Fedhas
Gozag
Hepliaklqana
Kikubaaqudgha
Makhleb
Nemelex Xobeh
Okawaru
Qazlal
Ru
Sif Muna
Trog
Uskayaw
Vehumet
Wu Jian
Xom
Yredelemnul
Zin
The Shining One
Beogh
Jiyva
Lugonu


Message History

Things that are here:
a +0 dagger; 5 poisoned darts; a +0 short sword The orc knight roars a battlecry!
The orc knight goes into a battle-frenzy!
You slash the orc knight!
The orc knight is lightly wounded.
The orc knight hits you with a +0 great mace!!
You barely miss the orc knight.
The orc knight is lightly wounded.
You closely miss the orc knight.
The orc knight is lightly wounded.
You block the orc knight's attack.
You slash the orc knight!
The orc knight is heavily wounded.
You barely miss the orc knight. You block the orc knight's attack. x2
You slice the orc knight!!
The orc knight is almost dead.
You closely miss the orc knight.
The orc knight hits you with a +0 great mace!
The orc knight hits you with a +3 great sword of venom!
You are poisoned.
You hit the orc knight but do no damage.
The orc knight is almost dead.
You slash the orc knight!
You feel very sick.
The orc knight hits you with a +3 great sword of venom!!
The orc knight hits you with a +0 great mace!
You hit the orc knight.
You kill the orc knight!
Okawaru accepts your kill.
You barely miss the orc knight.
You feel sick.
You slice the orc knight!!
The orc knight is severely wounded.
You feel sick.
The orc knight hits you with a +3 great sword of venom!!!
* * * LOW HITPOINT WARNING * * *
You are more poisoned.
You barely miss the orc knight.
The orc knight is severely wounded.
You die...

#.#.†'.##..###### # +..#.##..#
#}[+ ##..# ####++########## +..#
#..# ...........##..# ##+# #..#
.#..#......##..# #..#
...........''..# #..#
...........''.)##########).#
.#..#......##...@).........#
...........##).))o.........#
####''######################
..##''# ##### ####### ##########
..##..###...###..+...# #.........
..##...##...##..##...###.........
..###...##'##..###...'.##........
..# ##))).......##...#..###.....#
..###.)###'###...##'##...###...##


You could see an orc knight (strong).

Vanquished Creatures
  A deep elf master archer (D)
  An eidolon (D)
  A rakshasa (D)
  2 boulder beetles (D)
  A merfolk aquamancer (D)
  A sixfirhy (D)
  A deep troll (D)
  A swamp dragon (D)
  2 lindwurms (D)
  A deep elf pyromancer (D)
  An orc knight (D)
  A guardian serpent (D)
  An elephant (D)
  Maurice (D)
  A cane toad (D)
  2 kobold demonologists (D)
  2 rime drakes (D)
  A demonic crawler (D)
  An ice devil (D)
  A red devil (D)
  A tyrant leech (D)
  3 polar bears (D)
  2 hornets (D)
  A merfolk (D)
  4 blink frogs (D)
  A jumping spider (D)
  3 spriggans (D)
  A vampire (D)
  A water elemental (D)
  A steam dragon (D)
  2 neqoxecs (D)
  3 vampire mosquitoes (D)
  A redback (D)
  2 orc warriors (D)
  A floating eye (D)
  A black bear (D)
  A swamp drake (D)
  An ogre (D)
  A centaur (D)
  A phantom (D)
  5 kobold brigands (D)
  A small abomination (D)
  2 scorpions (D)
  An earth elemental (D)
  2 wights (D)
  5 killer bees (D)
  3 orc priests (D)
  2 iguanas (D)
  8 orc wizards (D)
  An adder (D)
  2 river rats (D)
  A white imp (D)
  An ufetubus (D)
  3 orcs (D)
  A bat zombie (D)
  An endoplasm (D)
  A giant cockroach (D)
  A hobgoblin (D)
  2 jackals (D)
  7 kobolds (D)
  3 quokkas (D)
  A frilled lizard (D)
  A giant cockroach simulacrum (D)
  A goblin (D)
112 creatures vanquished.

Vanquished Creatures (others)
  A water elemental (D)
  A quokka (D)
2 creatures vanquished.

Grand Total: 114 creatures vanquished

Notes
Turn   | Place    | Note
-------+----------+-------------------------------------------
     0 | D        | rocky1 the Hill Orc Fighter began the quest for the Orb.
     0 | D        | Reached XP level 1. HP: 19/19 MP: 1/1
    16 | D        | Reached skill level 4 in Axes
    16 | D        | Reached XP level 2. HP: 26/26 MP: 2/2
    20 | D        | Found a bloodstained altar of Trog.
    20 | D        | Found a shimmering blue altar of Sif Muna.
    20 | D        | Found a viscous altar of Jiyva.
    20 | D        | Found a hazy altar of Hepliaklqana.
    20 | D        | Found an opulent altar of Gozag.
    21 | D        | Found a glowing golden altar of the Shining One.
    21 | D        | Found a glowing silver altar of Zin.
    21 | D        | Found a basalt altar of Yredelemnul.
    21 | D        | Found a shimmering altar of Xom.
    21 | D        | Found an ornate altar of the Wu Jian Council.
    21 | D        | Found a sacrificial altar of Ru.
    21 | D        | Found a stormy altar of Qazlal.
    21 | D        | Found an iron altar of Okawaru.
    21 | D        | Found a sparkling altar of Nemelex Xobeh.
    21 | D        | Found a burning altar of Makhleb.
    21 | D        | Found a blossoming altar of Fedhas.
    21 | D        | Found a white marble altar of Elyvilon.
    21 | D        | Found a shadowy altar of Dithmenos.
    21 | D        | Found a snail-covered altar of Cheibriados.
    24 | D        | Found a corrupted altar of Lugonu.
    24 | D        | Found a radiant altar of Vehumet.
    24 | D        | Found a roughly hewn altar of Beogh.
    25 | D        | Found an ancient bone altar of Kikubaaqudgha.
    25 | D        | Found a hide-covered altar of Uskayaw.
    25 | D        | Found a broken altar of Ashenzari.
    29 | D        | Became a worshipper of Warmaster Okawaru
    73 | D        | Reached skill level 5 in Axes
    73 | D        | Reached skill level 5 in Shields
    87 | D        | Reached skill level 6 in Axes
    87 | D        | Reached XP level 3. HP: 29/31 MP: 3/3
    90 | D        | Noticed a scorpion
   102 | D        | Killed a scorpion
   103 | D        | Reached skill level 8 in Axes
   103 | D        | Reached XP level 4. HP: 31/39 MP: 4/4
   207 | D        | Noticed an orc warrior
   219 | D        | Killed an orc warrior
   219 | D        | Reached * piety under Okawaru
   220 | D        | Reached skill level 9 in Axes
   220 | D        | Reached XP level 5. HP: 28/50 MP: 5/5
   224 | D        | Reached skill level 10 in Axes
   224 | D        | Reached skill level 1 in Invocations
   224 | D        | Noticed a phantom
   229 | D        | Reached skill level 1 in Dodging
   229 | D        | Reached XP level 6. HP: 29/58 MP: 5/7
   251 | D        | Reached ** piety under Okawaru
   252 | D        | Reached skill level 11 in Axes
   252 | D        | Reached skill level 5 in Armour
   252 | D        | Reached XP level 7. HP: 31/66 MP: 6/10
   260 | D        | Noticed a red devil
   271 | D        | Killed a red devil
   272 | D        | Reached skill level 10 in Shields
   272 | D        | Reached skill level 5 in Invocations
   612 | D        | Noticed a deep troll
   623 | D        | Reached skill level 12 in Axes
   627 | D        | Killed a deep troll
   627 | D        | Reached *** piety under Okawaru
   628 | D        | Reached XP level 8. HP: 73/78 MP: 10/12
   760 | D        | Noticed a polar bear
   760 | D        | Noticed a boulder beetle
   768 | D        | Killed a polar bear
   768 | D        | Reached **** piety under Okawaru
   769 | D        | Reached skill level 5 in Dodging
   771 | D        | Noticed a kobold demonologist
   780 | D        | Killed a kobold demonologist
   781 | D        | Reached skill level 10 in Fighting
   781 | D        | Reached skill level 13 in Axes
   782 | D        | Reached XP level 9. HP: 38/85 MP: 5/14
   782 | D        | Killed a boulder beetle
   782 | D        | Reached ***** piety under Okawaru
   782 | D        | Received a gift from Okawaru
  1021 | D        | Reached skill level 14 in Axes
  1039 | D        | Reached XP level 10. HP: 59/96 MP: 16/16
  1051 | D        | Reached skill level 10 in Armour
  1135 | D        | Noticed a demonic crawler
  1149 | D        | Killed a demonic crawler
  1152 | D        | Noticed an elephant
  1160 | D        | Killed an elephant
  1160 | D        | Received a gift from Okawaru
  1161 | D        | Reached skill level 10 in Invocations
  1193 | D        | Paralysed by a floating eye for 3 turns
  1198 | D        | Reached skill level 15 in Axes
  1383 | D        | Noticed a rakshasa
  1424 | D        | Killed a rakshasa
  1424 | D        | Identified the +3 kite shield of Lorrisseirr {-Cast Rampage
                  | Str+5 Slay+4} (Okawaru gifted it to you in the Dungeon)
  1424 | D        | Received a gift from Okawaru
  1654 | D        | Noticed a lindwurm
  1654 | D        | Noticed a deep elf pyromancer
  1654 | D        | Noticed a swamp dragon
  1656 | D        | Noticed a cane toad
  1657 | D        | Noticed a lindwurm
  1673 | D        | Noticed a boulder beetle
  1681 | D        | Killed a swamp dragon
  1682 | D        | Reached skill level 16 in Axes
  1682 | D        | Reached XP level 11. HP: 107/107 MP: 11/19
  1683 | D        | Killed a deep elf pyromancer
  1693 | D        | Killed a lindwurm
  1696 | D        | Killed a boulder beetle
  1714 | D        | Killed a lindwurm
  1715 | D        | Reached skill level 17 in Axes
  1967 | D        | Noticed Maurice
  1983 | D        | Killed Maurice
  1984 | D        | Reached skill level 15 in Shields
  2021 | D        | Noticed a spriggan rider
  2028 | D        | Killed a spriggan rider
  2041 | D        | Noticed an eidolon
  2046 | D        | Killed an eidolon
  2046 | D        | Reached ****** piety under Okawaru
  2047 | D        | Reached skill level 15 in Fighting
  2052 | D        | Reached skill level 10 in Dodging
  2052 | D        | Received a gift from Okawaru
  2194 | D        | Noticed a spriggan rider
  2194 | D        | Noticed a deep elf master archer
  2194 | D        | Noticed a sixfirhy
  2194 | D        | Noticed a merfolk aquamancer
  2201 | D        | Reached XP level 12. HP: 121/121 MP: 12/20
  2202 | D        | Reached skill level 18 in Axes
  2205 | D        | Killed a merfolk aquamancer
  2215 | D        | Killed a deep elf master archer
  2232 | D        | Got the Anthology of the Toxic Mausoleum
  2236 | D        | Got the ring "Xucraon" {rF- rN+ Int-4 Dex+6 Stlth+}
  2432 | D        | Noticed an orc warlord
  2433 | D        | Noticed an orc warlord
  2480 | D        | HP: 1/122 [orc knight/+3 great sword of venom (40)]
  2481 | D        | Succumbed to an orc knight's poison

Illustrated notes

Levels and vault maps discovered:
D:        pitsprint [storerooms_1, entrance_room_1, metal_vault_5, armoury_2,
          mini_pit_1, grid_room_1, main_hall_1, silver_pit, the_coven_3,
          the_vestibule_1, steel_vault_2, golden_pit, hallway_of_sentries,
          crystal_vault_4, iron_vault_4, final_vault]

Skill      XL: |  1  2  3  4  5  6  7  8  9 10 11 12 |
---------------+-------------------------------------+-----
Axes           | 4 6 8 9 10 11 12 13 14 16 17 18 | 18.8
Shields        | 4 5 7 8 9 10 11 12 14 15 16 | 16.3
Fighting       | 6 7 9 10 11 13 15 16 | 16.1
Invocations    | 2 4 5 6 9 11 | 11.2
Dodging        | 1 2 4 5 6 8 10 | 10.8
Armour         | 5 7 8 9 11 13 14 | 14.4

Action                   |  1- 3 |  4- 6 |  7- 9 | 10-12 || total
-------------------------+-------+-------+-------+-------++-------
Melee: War axe           |    27 |    37 |    36 |       ||   100
       Broad axe         |       |       |    68 |   216 ||   284
Invok: Heroism           |       |       |     2 |     4 ||     6
       Finesse           |       |       |     1 |     3 ||     4
  Use: Potion            |       |     3 |     3 |     2 ||     8
 Stab: Invisible         |       |     2 |     3 |       ||     5
       Confused          |       |       |     1 |       ||     1
Armor: Scale mail        |     9 |     4 |       |       ||    13
       Chain mail        |       |       |    12 |       ||    12
       Plate armour      |       |       |    39 |    68 ||   107
Dodge: Dodged            |    17 |     9 |    26 |    53 ||   105
Block: Buckler           |     7 |     5 |    23 |    17 ||    52
       Kite shield       |       |       |       |    70 ||    70

Table legend: (Time is in decaauts)
 A = Elapsed time spent in this place.
 B = Non-inter-level travel time spent in this place.
 C = Inter-level travel time spent in this place.
 D = Time resting spent in this place.
 E = Time spent auto-exploring this place.
 F = Levels seen in this place.
 G = Mean time per level.
                   A        B        C        D        E       F      G
               +--------+--------+--------+--------+--------+-----+--------+
         Total |   2370 |   2165 |    205 |   1056 |      0 |   1 | 2370.0 |
       Dungeon |   2370 |   2165 |    205 |   1056 |      0 |   1 | 2370.0 |
               +--------+--------+--------+--------+--------+-----+--------+

Top non-repeatable levels by time:
       D: 2370 daAuts
